 Dungeon Crawl Stone Soup version 0.28-a0-1395-g4f6bc678fa (webtiles) character file.

Game seed: 4867603199317575780

1 Deminshera the Conjurer (level 1, 0/10 HPs)
             Began as a Tengu Conjurer on Jan 4, 2022.
             Slain by a jackal (3 damage)
             ... on level 1 of the Dungeon.
             The game lasted 00:00:22 (54 turns).

Deminshera the Conjurer (Tengu Conjurer)              Turns: 54, Time: 00:00:22

Health: 0/10       AC:  2    Str:  7    XL:     1   Next: 20%
Magic:  0/4        EV: 12    Int: 18    God:
Gold:   0          SH:  0    Dex: 12    Spells: 3/4 levels left

rFire   . . .      SeeInvis .   (no weapon)
rCold   . . .      Faith    .   (no shield)
rNeg    . . .      Spirit   .   a - +0 robe
rPois   .          Reflect  .   (helmet restricted)
rElec   .          Harm     .   (no cloak)
rCorr   .          Rampage  .   (no gloves)
Will    .....                   (boots unavailable)
Stlth   ++........              (no amulet)
HPRegen 0.03/turn               (no ring)
MPRegen 0.09/turn               (no ring)

@: no status effects
A: beak, talons 3
a: no special abilities


You were on level 1 of the Dungeon.
You visited 1 branch of the dungeon, and saw 1 of its levels.

Inventory:

Armour
 a - a +0 robe (worn)
Scrolls
 b - a scroll of teleportation {unknown}


   Skills:
 + Level 2.2 Dodging
 + Level 2.0 Stealth
 + Level 2.0 Spellcasting
 + Level 5.3 Conjurations


You had 3 spell levels left.
You knew the following spells:

 Your Spells              Type           Power      Damage    Failure   Level
a - Magic Dart            Conj           84%        1d7       1%          1

Your spell library contained the following spells:

 Spells                   Type           Power      Damage    Failure   Level
 Searing Ray              Conj           42%        2d6       3%          2
 Dazzling Flash           Conj/Hex       22%        N/A       19%         3
 Fulminant Prism          Conj/Hex       5%         3d7       52%         4
 Iskenderun's Mystic Bla  Conj/Tloc      11%        2d4       52%         4


Dungeon Overview and Level Annotations

Branches:
Dungeon (1/15)

Altars:


Innate Abilities, Weirdness & Mutations

You have a beak for a mouth.
You have claws for feet.


Message History

Found the tengu skeleton of Deminshera and a scroll labelled EHAAMAUSUKH.
Found a staircase leading out of the dungeon.
b - a scroll labelled EHAAMAUSUKH You open the door.
There is an open door here.
A hobgoblin comes into view.
The hobgoblin shouts!
The magic dart hits the hobgoblin but does no damage.
A jackal comes into view.
The magic dart hits the hobgoblin.
The hobgoblin is moderately wounded.
The jackal barks!
You hear a bark!
A jackal comes into view.
The magic dart hits the hobgoblin but does no damage.
The hobgoblin is moderately wounded.
The jackal barks!
The magic dart hits the hobgoblin.
You kill the hobgoblin!
A jackal comes into view.
You are too depleted to draw on your mana recklessly!
Unknown command.
The jackal closely misses you.
There is an open door here.
The magic dart hits the jackal but does no damage.
The jackal barks!
The jackal bites you.
A jackal comes into view.
The jackal barely misses you.
The jackal barks!
The jackal bites you.
The jackal bites you but does no damage.
The jackal bites you.
The jackal bites you but does no damage.
The magic dart hits the jackal.
The jackal is lightly wounded.
The jackal bites you. The jackal bites you.
* * * LOW HITPOINT WARNING * * *
The jackal bites you.
You die...

#..# #..# #####..#
...#.†#####
........###
#......... #h#
#.###########
.########.#.....@...#
..........#...###h..#
#######...'...#÷#h<.#
#.###...###h..# #.#
#....h....# #.#
########### #.# #.#
#.#


You could see 4 jackals.

Vanquished Creatures
  A hobgoblin (D:1)
1 creature vanquished.

Notes
Turn   | Place    | Note
-------+----------+-------------------------------------------
     0 | D:1      | Deminshera the Tengu Conjurer began the quest for the Orb.
     0 | D:1      | Reached XP level 1. HP: 10/10 MP: 4/4
    54 | D:1      | Slain by a jackal

Illustrated notes

Levels and vault maps discovered:
D:1:      nicolae_arrival_memento_mori, layout_loops_ring,
          shapermc_ecumenical_altar_notcrosses, minmay_heptomino_o4

Action                   || total
-------------------------++-------
 Cast: Magic Dart        ||     6
Armor: Robe              ||     2
Dodge: Dodged            ||     2

Table legend: (Time is in decaauts)
 A = Elapsed time spent in this place.
 B = Non-inter-level travel time spent in this place.
 C = Inter-level travel time spent in this place.
 D = Time resting spent in this place.
 E = Time spent auto-exploring this place.
 F = Levels seen in this place.
 G = Mean time per level.
                   A        B        C        D        E       F      G
               +--------+--------+--------+--------+--------+-----+--------+
         Total |     54 |     54 |      0 |      0 |     20 |   1 |   54.0 |
       Dungeon |     54 |     54 |      0 |      0 |     20 |   1 |   54.0 |
               +--------+--------+--------+--------+--------+-----+--------+

Top non-repeatable levels by time:
     D:1: 54 daAuts
